 Dungeon Crawl Stone Soup version 0.29-a0-88-g03a7b78be7 (webtiles) character file.

Game seed: 4000442685404484949

321 lordive the Grasshopper (level 6, -2/57 HPs)
             Began as a Troll Warper on Feb 5, 2022.
             Slain by Duvessa (14 damage)
             ... on level 4 of the Dungeon.
             The game lasted 00:01:57 (784 turns).

lordive the Grasshopper (Troll Warper)               Turns: 784, Time: 00:01:57

Health: -2/57      AC:  4    Str: 20    XL:     6   Next: 22%
Magic:  7/7        EV: 10    Int: 11    God:
Gold:   137        SH:  0    Dex:  9    Spells: 6/8 levels left

rFire   . . .      SeeInvis .     - Unarmed
rCold   . . .      Faith    .   (no shield)
rNeg    . . .      Spirit   .   a - +0 robe
rPois   .          Reflect  .   (helmet restricted)
rElec   .          Harm     .   (no cloak)
rCorr   .          Rampage  .   (gloves unavailable)
Will    .....                   (boots unavailable)
Stlth   +.........              (no amulet)
HPRegen 0.99/turn               (no ring)
MPRegen 0.10/turn               (no ring)

@: no status effects
A: large, unfitting armour, claws 3, regeneration 1, shaggy fur 1, tough skin 1
a: no special abilities


You were on level 4 of the Dungeon.
You visited 1 branch of the dungeon, and saw 4 of its levels.

You collected 137 gold pieces.

Inventory:

Hand Weapons
 j - the +11 dagger "Demonbane" {holy, rElec}
   (You found it on level 4 of the Dungeon)

   It has been blessed by the Shining One to cause great damage to the undead
   and demons.
   rElec:     It insulates you from electricity.
Missiles
 c - 5 boomerangs of dispersal (quivered)
Armour
 a - a +0 robe (worn)
Scrolls
 b - 2 scrolls of blinking
 e - 4 scrolls of identify {unknown}
 k - a scroll of teleportation {unknown}
Potions
 d - a potion of invisibility {unknown}
 f - a potion of might {unknown}
 g - a potion of haste {unknown}
 h - a potion of berserk rage {unknown}
 i - 3 potions of curing {unknown}


   Skills:
 + Level 2.0 Fighting
 - Level 0.8 Throwing
 + Level 2.6 Dodging
 + Level 3.8 Unarmed Combat
 + Level 1.5 Spellcasting
 * Level 3.9 Translocations


You had 6 spell levels left.
You knew the following spells:

 Your Spells              Type           Power      Damage    Failure   Level
a - Blink                 Tloc           18%        N/A       9%          2

Your spell library contained the following spells:

 Spells                   Type           Power      Damage    Failure   Level
 Gell's Gravitas          Tloc           9%         N/A       19%         3
 Lesser Beckoning         Tloc           9%         N/A       19%         3
 Teleport Other           Tloc           9%         N/A       19%         3
 Manifold Assault         Tloc           9%         N/A       86%         5


Dungeon Overview and Level Annotations

Branches:
Dungeon (4/15)
 Temple: D:4-7

Altars:

Shops:
D:2 *

Annotations:
D:4 Dowan, Duvessa, Robin


Innate Abilities, Weirdness & Mutations

You are too large for most types of armour.
You have claws for hands.
Your natural rate of healing is unusually fast.
You are covered in fur. (AC +1)
You have tough skin. (AC +1)


Message History

You kill the goblin!
Robin throws the goblin at you! The goblin hits you with a +0 dagger.
Your Fighting skill increases to level 2!
You scratch Duvessa.
Duvessa is lightly wounded.
Duvessa closely misses you.
Dowan gestures wildly while chanting.
Dowan blinks!
The goblin barely misses you. The goblin hits you with a +0 club.
The goblin hits you with a +0 dagger.
You scratch Duvessa.
Duvessa is lightly wounded.
The goblin no longer looks unusually strong.
Duvessa hits you with a +0 rapier.
Dowan gestures wildly while chanting.
Dowan blinks!
The goblin closely misses you. The goblin hits you but does no damage.
The goblin closely misses you. Robin throws the goblin at you!
You scratch Duvessa.
Duvessa is moderately wounded.
Duvessa completely misses you. The goblin barely misses you.
Duvessa says, "My weaknesses are his strengths!"
Duvessa closely misses you. The goblin misses you.
The goblin closely misses you. The goblin barely misses you.
You closely miss Duvessa. You claw Duvessa!
Duvessa is heavily wounded.
The goblin closely misses you. Duvessa hits you with a +0 rapier.
The goblin barely misses you. x2
Unknown command.
You closely miss Duvessa.
Duvessa is heavily wounded.
Duvessa hits you with a +0 rapier! The goblin hits you with a +0 dagger.
* * * LOW HITPOINT WARNING * * *
The goblin hits you with a +0 club.
* * * LOW HITPOINT WARNING * * *
Unknown command.
You claw the goblin!
You kill the goblin!
The goblin no longer looks unusually strong.
Duvessa hits you with a +0 rapier!
You die...

#. #.#.# #. #.
#.#(######.
#.#######.#........
#...............(..
######..........#.#####.
.......†.)......#.......
#####..#....#........##
..... #g)####....#..##)#
..... #g@# ###..#..##.##
.....


#geg# #..#..##... #...# ##KS# #..#..##..# #.## .... #..#....... .# .....
#.<........ # ......e #.###.##... ........ ... #.##### ##.......### #.# ..# You
could see Duvessa (fast), Dowan, Robin, 3 goblins, a ball python and a kobold.

Vanquished Creatures
  An ogre (D:4)
  A scorpion (D:4)
  2 hounds (D:4)
  A jelly (D:4)
  Natasha (D:3)
  An iguana (D:4)
  An ufetubus (D:4)
  An adder skeleton (D:4)
  2 worms
  A dart slug (D:1)
  A ball python (D:4)
  An endoplasm (D:3)
  A giant cockroach (D:2)
  7 goblins
  4 hobgoblins
  4 kobolds
  A quokka (D:4)
  A bat (D:1)
  2 frilled lizards
34 creatures vanquished.

Notes
Turn   | Place    | Note
-------+----------+-------------------------------------------
     0 | D:1      | lordive the Troll Warper began the quest for the Orb.
     0 | D:1      | Reached XP level 1. HP: 19/19 MP: 1/1
    53 | D:1      | Found a faded altar of an unknown god.
   181 | D:2      | Reached XP level 2. HP: 27/27 MP: 3/3
   201 | D:2      | Found Elinuhun's Assorted Antiques.
   333 | D:3      | Noticed Natasha
   335 | D:3      | Noticed a crimson imp
   341 | D:3      | Killed Natasha
   342 | D:3      | Reached XP level 3. HP: 30/33 MP: 4/4
   383 | D:4      | Reached XP level 4. HP: 32/41 MP: 5/5
   415 | D:4      | Learned a level 2 spell: Blink
   434 | D:4      | Identified the +11 dagger "Demonbane" {holy, rElec}
   572 | D:4      | Reached XP level 5. HP: 48/49 MP: 6/6
   665 | D:4      | Noticed an ogre
   677 | D:4      | Killed an ogre
   740 | D:4      | Reached XP level 6. HP: 56/57 MP: 7/7
   761 | D:4      | Noticed Robin
   762 | D:4      | Noticed Dowan
   764 | D:4      | Noticed Duvessa
   784 | D:4      | Slain by Duvessa

Illustrated notes

Levels and vault maps discovered:
D:1:      matt_arrival_los_fun, layout_loops_ring, basic_ecumenical_altar
D:2:      layout_basic, serial_shops, nicolae_shop_stone,
          nicolae_shop_hallway_stairs, nicolae_diamond_shop
D:3:      layout_rooms, serial_shops, nicolae_shop_behind_doors,
          minmay_crystal_water, uniq_natasha
D:4:      minmay_spotlight, layout_loops_ring, kennysheep_mini, uniq_robin,
          uniq_duvessa

Skill      XL: |  1  2  3  4  5  6 |
---------------+-------------------+-----
Dodging        | 2 |  2.6
Translocations | 3 |  3.9
Unarmed Combat | 3 |  3.8
Fighting       | 2 |  2.0
Throwing       | |  0.8
Spellcasting   | |  1.5

Action                   |  1- 3 |  4- 6 || total
-------------------------+-------+-------++-------
Melee: Unarmed           |    45 |    63 ||   108
       Punch             |       |     2 ||     2
Armor: Robe              |    24 |    12 ||    36
Dodge: Dodged            |    18 |    36 ||    54

Table legend: (Time is in decaauts)
 A = Elapsed time spent in this place.
 B = Non-inter-level travel time spent in this place.
 C = Inter-level travel time spent in this place.
 D = Time resting spent in this place.
 E = Time spent auto-exploring this place.
 F = Levels seen in this place.
 G = Mean time per level.
                   A        B        C        D        E       F      G
               +--------+--------+--------+--------+--------+-----+--------+
         Total |    777 |    755 |     22 |      0 |    525 |   4 |  194.2 |
       Dungeon |    777 |    755 |     22 |      0 |    525 |   4 |  194.2 |
               +--------+--------+--------+--------+--------+-----+--------+

Top non-repeatable levels by time:
     D:4: 411 daAuts
     D:1: 177 daAuts
     D:2: 154 daAuts
     D:3: 33 daAuts
